 Dungeon Crawl Stone Soup version 0.26-a0-1012-gedcf9b2963 (webtiles) character file.

Game seed: 8603490476592060219

2332 Floopie the Cleaver (level 9, -4/80 HPs)
             Began as a Deep Dwarf Delver on Dec 7, 2020.
             Was an Initiate of Makhleb.
             Slain by a wyvern (10 damage)
             ... on level 8 of the Dungeon.
             The game lasted 00:50:03 (1127 turns).

Floopie the Cleaver (Deep Dwarf Delver)             Turns: 1127, Time: 00:50:03

Health: -4/80      AC:  9    Str: 19    XL:     9   Next: 19%
Magic:  0/0        EV:  8    Int: 11    God:    Makhleb [......]
Gold:   27         SH:  0    Dex: 14    Spells: 6/8 levels left

rFire    . . .     SeeInvis .   a - +0 hand axe (venom)
rCold    + . .     Faith    .   (no shield)
rNeg     . . .     Spirit   .   M - +0 chain mail {Will+}
rPois    .         Reflect  .   (no helmet)
rElec    .         Harm     .   (no cloak)
rCorr    .         Rampage  .   (no gloves)
Will     ++...                  (no boots)
Stlth    ..........             (no amulet)
HPRegen  0.00/turn              c - ring of protection from cold
MPRegen  0.07/turn              (no ring)

@: non-regenerating
A: damage resistance, heal wounds, sense surroundings 2, no regeneration
a: Heal Wounds, Renounce Religion


You were on level 8 of the Dungeon.
You worshipped Makhleb.
Makhleb was noncommittal.
You visited 2 branches of the dungeon, and saw 8 of its levels.
You also visited: Bailey.

You collected 438 gold pieces.
You spent 411 gold pieces at shops.

Inventory:

Hand Weapons
 a - a +0 hand axe of venom (weapon)
 L - a +0 trident
 V - a +3 glaive
Missiles
 N - 11 atropa-tipped darts
 U - 13 poisoned darts
 Z - 8 throwing nets (quivered)
Armour
 b - a +0 leather armour
 G - +0 swamp dragon scales
 M - a +0 chain mail of willpower (worn)
 S - a +0 scale mail
 Y - a +0 plate armour
Jewellery
 c - a ring of protection from cold (left hand)
Wands
 D - a wand of digging (2)
 O - a wand of disintegration (13)
 P - a wand of paralysis (11)
 X - a wand of random effects (17)
Scrolls
 e - a scroll of fear
 F - a scroll of fog
 Q - 2 scrolls of brand weapon
 T - 2 scrolls of teleportation
 W - a scroll of remove curse
Potions
 E - a potion of attraction {unknown}
 H - a potion of haste
 I - a potion of might
 K - a potion of ambrosia
 R - 2 potions of curing {unknown}
Miscellaneous
 J - a tin of tremorstones (inert)


   Skills:
 + Level 4.9 Fighting
 - Level 12.0 Axes
 - Level 3.0 Armour
 - Level 2.1 Dodging
 - Level 6.0 Stealth
 + Level 0.2 Spellcasting


You had 6 spell levels left.
You knew the following spells:

 Your Spells              Type           Power        Failure   Level
d - Blink                 Tloc           N/A          99%         2

Your spell library contained the following spells:

 Spells                   Type           Power        Failure   Level
 Magic Dart               Conj           #...         99%         1
 Call Imp                 Summ           #.......     99%         2
 Slow                     Hex            #.......     99%         2
 Conjure Flame            Conj/Fire      #.......     100%        3
 Mephitic Cloud           Conj/Pois/Air  #.......     100%        3


Dungeon Overview and Level Annotations

Branches:
Dungeon (9/15)             Temple (1/1) D:7          Bailey (visited)
   Lair: D:8-11         Orc: D:9-12

Altars:
Ashenzari
Cheibriados
Dithmenos
Elyvilon
Fedhas
Kikubaaqudgha
Makhleb
Okawaru
Qazlal
Uskayaw
Vehumet
Wu Jian
Xom
Yredelemnul
Zin
The Shining One

Shops:
D:5 *


Innate Abilities, Weirdness & Mutations

You are resistant to damage.
You can heal yourself by infusing magical energy.
You passively map the area around you.
You do not regenerate.


Message History

The big kobold is poisoned.
The big kobold hits you but does no damage.
The wyvern bites you!
* * * LOW HITPOINT WARNING * * *
A black bear comes into view.
The wyvern bites you.
* * * LOW HITPOINT WARNING * * *
Press: ? - help, v - describe, . - travel, g - get item
Here: a wyvern Item here: a +0 dagger.
The floor.
You don't have enough innate magic capacity.
The black bear growls angrily.
You hit the wyvern.
The wyvern is poisoned.
The wyvern is lightly wounded.
You hit the wyvern but do no damage.
The wyvern looks as sick as possible!
You closely miss the big kobold. The wyvern bites you!
* * * LOW HITPOINT WARNING * * *
The big kobold barely misses you. The wyvern bites you!
You die...

######.....##.###
, #####......#* #
.#..........#
...........## ,
,.###.......## ,
##....#..# ,
*##.......#### ,
,* #...........#
, *#.....l@....#
, ........Kl...##
* ,
..........#.## *
........$...## ,
....)......## ,
..........# *
.......... * ,
,h........ ,* ,**
, * * *


You could see a black bear, 2 wyverns and a big kobold (very poisoned).

Vanquished Creatures
  Maggie (D:8)
  A black bear (D:8)
  A phantom (D:7)
  4 ogres
  3 bullfrogs
  8 gnoll sergeants (Bailey)
  A scorpion (D:6)
  A bullfrog zombie (D:5)
  2 quasits (D:6)
  5 hounds
  A jelly (D:6)
  2 bullfrog skeletons (D:6)
  6 gnoll shamans (Bailey)
  An iguana (D:6)
  A worker ant (D:6)
  A killer bee zombie (D:8)
  3 adders
  14 gnolls (Bailey)
  A shadow imp (D:7)
  An adder skeleton (D:5)
  An adder zombie (D:7)
  2 orcs
  A goblin (D:3)
  4 hobgoblins (D:7)
  3 jackals (D:6)
  A quokka (D:6)
  2 kobolds (D:8)
72 creatures vanquished.

Notes
Turn   | Place    | Note
-------+----------+-------------------------------------------
     0 | D:5      | Floopie the Deep Dwarf Delver began the quest for the Orb.
     0 | D:5      | Reached XP level 1. HP: 20/20 MP: 1/1
     6 | D:6      | Noticed a bullfrog
    23 | D:5      | Noticed a quasit
    34 | D:4      | Found a shadowy altar of Dithmenos.
    41 | D:4      | Reached skill level 3 in Axes
    41 | D:4      | Reached XP level 2. HP: 27/27 MP: 2/2
   167 | D:5      | Reached skill level 3 in Fighting
   167 | D:5      | Reached skill level 4 in Axes
   167 | D:5      | Reached XP level 3. HP: 17/34 MP: 3/3
   174 | D:5      | Reached XP level 4. HP: 8/42 MP: 4/4
   209 | D:6      | Reached skill level 5 in Axes
   215 | D:6      | Noticed a bullfrog
   230 | D:6      | Killed a bullfrog
   231 | D:6      | Reached skill level 6 in Axes
   231 | D:6      | Reached XP level 5. HP: 15/49 MP: 4/4
   284 | D:6      | Reached XP level 6. HP: 51/56 MP: 5/5
   288 | D:6      | Reached skill level 7 in Axes
   340 | D:7      | Found a flagged portal.
   352 | Bailey   | Entered a bailey
   406 | Bailey   | Reached skill level 8 in Axes
   406 | Bailey   | Reached XP level 7. HP: 30/62 MP: 4/4
   489 | Bailey   | Reached skill level 9 in Axes
   572 | Bailey   | Reached XP level 8. HP: 52/72 MP: 3/3
   581 | Bailey   | Reached skill level 10 in Axes
   691 | D:6      | Reached skill level 11 in Axes
   729 | D:5      | Found Lyxzienaob's General Store.
   731 | D:5      | Bought 7 atropa-tipped darts for 54 gold pieces
   731 | D:5      | Bought a +0 chain mail of willpower for 149 gold pieces
   731 | D:5      | Bought a scroll of teleportation for 39 gold pieces
   731 | D:5      | Bought a scroll of identify for 26 gold pieces
   731 | D:5      | Bought a potion of ambrosia for 104 gold pieces
   731 | D:5      | Bought a scroll of remove curse for 39 gold pieces
   810 | D:7      | Found a staircase to the Ecumenical Temple.
   821 | D:7      | Reached skill level 1 in Armour
   838 | Temple   | Entered the Ecumenical Temple
   886 | Temple   | Became a worshipper of Makhleb the Destroyer
   960 | D:7      | Found a basalt altar of Yredelemnul.
   971 | D:7      | Found a broken altar of Ashenzari.
  1016 | D:8      | Noticed Maggie
  1038 | D:8      | Paralysed by Maggie for 7 turns
  1039 | D:8      | Killed Maggie
  1040 | D:8      | Gained mutation: You passively map the area around you.
                  | [Deep Dwarf growth]
  1040 | D:8      | Reached XP level 9. HP: 58/79 MP: 1/1
  1088 | D:8      | Reached skill level 12 in Axes
  1088 | D:8      | Reached skill level 3 in Armour
  1096 | D:8      | Learned a level 2 spell: Blink
  1127 | D:8      | Slain by a wyvern

Illustrated notes

Levels and vault maps discovered:
D:3:      layout_rooms, nicolae_overflow_crystal_walls
D:4:      minmay_general_purpose_star, layout_cave_pods,
          nicolae_dithmenos_shadow_blocks, kennysheep_mini_moat, serial_shops,
          nicolae_shop_trees, grunt_decor_fettered, minmay_rat_hole
D:5:      layout_loops_corners, serial_shops, shop, st_stairs_1,
          lexackson_kobold_supper
D:6:      layout_rooms, serial_shops, shop, bloody_trog, uniq_eustachio
D:7:      layout_gridville, old_standard_altar,
          yredelemnul_forgotten_temple_becter, kennysheep_little_box,
          minmay_temple_entry_purple_smoke, nicolae_ossuary_entry_ruins,
          enter_bailey_4, evilmike_ruin_ashenzari
D:8:      layout_cave_pools, serial_gnoll_camp, gnoll_camp_mini_sergeant,
          gnoll_camp_mini_shop, gnoll_camp_mini_shop, gnoll_camp_mini_hut,
          uniq_maggie
D:9:      minmay_the_grid_octo_tiled_squarecenter [minmay_the_grid_octo_empty,
          minmay_the_grid_octo_tetromino_candy, minmay_the_grid_octo_pinwheel,
          minmay_the_grid_octo_fan_narrow,
          minmay_the_grid_square_5x5_megaprize_crossed,
          minmay_the_grid_square_5x5_hollow_slash, minmay_the_grid_square_5x5_z,
          minmay_the_grid_square_5x5_three, minmay_the_grid_square_5x5_two],
          layout_irregular_city, nicolae_ru_sacrificial_ziggurat,
          nemelex_xobeh_ov_fountains_minmay, tgw_sif, serial_shops,
          nicolae_shop_waterfront, shop, shop,
          nicolae_shop_competitors_out_of_business, kennysheep_windowed_goal,
          uniq_maurice
Temple:   dshaligram_water_room_temple

Skill      XL: |  1  2  3  4  5  6  7  8  9 |
---------------+----------------------------+-----
Axes           | 3 4 6 8 9 11 12 | 12.0
Fighting       | 3 4 |  4.9
Armour         | 2 3 |  3.0
Dodging        | |  2.1
Stealth        | |  6.0
Spellcasting   | |  0.2

Action                   |  1- 3 |  4- 6 |  7- 9 || total
-------------------------+-------+-------+-------++-------
Melee: Hand axe          |    31 |    98 |   211 ||   340
Throw: Throwing net      |       |       |     1 ||     1
 Abil: Heal Wounds       |       |    11 |    17 ||    28
Evoke: Wand              |       |     1 |       ||     1
       Tin of tremorston |       |       |     2 ||     2
  Use: Scroll            |     1 |     1 |     5 ||     7
       Potion            |       |     1 |       ||     1
 Stab: Sleeping          |     3 |     2 |       ||     5
       Held in net/web   |       |       |     4 ||     4
Armor: Leather armour    |     6 |    22 |       ||    28
       Scale mail        |       |    12 |     6 ||    18
       Plate armour      |       |       |    98 ||    98
       Chain mail        |       |       |    70 ||    70
Dodge: Dodged            |    23 |   116 |   112 ||   251

Table legend: (Time is in decaauts)
 A = Elapsed time spent in this place.
 B = Non-inter-level travel time spent in this place.
 C = Inter-level travel time spent in this place.
 D = Time resting spent in this place.
 E = Time spent auto-exploring this place.
 F = Levels seen in this place.
 G = Mean time per level.
                   A        B        C        D        E       F      G
               +--------+--------+--------+--------+--------+-----+--------+
         Total |   1095 |   1057 |     38 |      0 |      0 |   9 |  121.7 |
       Dungeon |    751 |    751 |      0 |      0 |      0 |   7 |  107.3 |
        Temple |     64 |     26 |     38 |      0 |      0 |   1 |   64.0 |
        Bailey |    278 |    278 |      0 |      0 |      0 |   1 |  278.0 |
               +--------+--------+--------+--------+--------+-----+--------+

Top non-repeatable levels by time:
  Bailey: 278 daAuts
     D:6: 220 daAuts
     D:7: 215 daAuts
     D:5: 146 daAuts
     D:8: 87 daAuts
  Temple: 64 daAuts
     D:4: 64 daAuts
     D:9: 12 daAuts
     D:3: 5 daAuts
